 Dungeon Crawl Stone Soup version 0.31.0-11-ge490571c62 (webtiles) character file.

Game seed: 3357918296323008093

43 qw the Shooter (level 3, -6/18 HPs)
             Began as a Spriggan Hunter on Feb 3, 2024.
             Killed by divine providence
             ... invoked by an orc priest
              (13 damage)
             ... on level 3 of the Dungeon.
             The game lasted 00:00:04 (1175 turns).

qw the Shooter (Spriggan Hunter)                    Turns: 1175, Time: 00:00:04

Health: -6/18      AC:  2    Str: 13    XL:     3   Next: 37%
Magic:  4/4        EV: 19    Int: 10    God:
Gold:   38         SH:  0    Dex: 20    Spells: 2/2 levels left

rFire   . . .        a - +0 shortbow
rCold   . . .        (shield currently unavailable)
rNeg    . . .        c - +0 robe
rPois   .            (helmet restricted)
rElec   .            (no cloak)
rCorr   .            (gloves unavailable)
SInv    +            (boots unavailable)
Will    .....        (no amulet)
Stlth   ++           f - +6 ring of strength
HPRegen 0.23/turn    (no ring)
MPRegen 0.09/turn

%: no passive effects
@: very quick
A: very small, no large weapons, unfitting armour, see invisible, speed 3
a: no special abilities


You were on level 3 of the Dungeon.
You visited 1 branch of the dungeon, and saw 3 of its levels.

You collected 38 gold pieces.


Innate Abilities, Weirdness & Mutations

You are very small and have problems with some larger weapons.
You are too small for most types of armour.
You have supernaturally acute eyesight. (SInv)
You cover ground extremely quickly. (Speed+++)


   Skills:
 - Level 1.5 Fighting
 + Level 4.7 Ranged Weapons
 - Level 4.0 Dodging
 - Level 1.5 Stealth


You had 2 spell levels left.
You didn't know any spells.
Your spell library was empty.

Inventory:

Hand Weapons
 a - a +0 shortbow (weapon)
Armour
 c - a +0 robe (worn)
Jewellery
 f - a +6 ring of strength (left hand)
Potions
 e - a potion of curing

Dungeon Overview and Level Annotations

Branches:
Dungeon (3/15)

Altars:


Message History

The frilled lizard hisses angrily.
The frilled lizard is heavily wounded.
You shoot an arrow. The arrow misses the frilled lizard.
You shoot an arrow. The arrow hits the frilled lizard.
You kill the frilled lizard!
An orc comes into view. It is wielding a +0 morningstar.
You shoot an arrow.
The arrow hits the orc but does no damage.
The orc shouts!
An orc priest comes into view. It is wielding a +0 hand axe.
You shoot an arrow. The orc priest shouts!
The arrow hits the orc.
The orc is severely wounded.
A kobold comes into view. It is wielding a +0 dagger.
An orc comes into view. It is wielding a +0 whip.
You shoot an arrow. The orc shouts!
The kobold shouts!
The arrow hits the orc!
You kill the orc!
An orc wizard comes into view. It is wielding a +0 dagger.
You shoot an arrow. The arrow barely misses the orc priest.
The orc priest mumbles some strange prayers to Beogh against you.
Pain shoots through your body!
Ouch! That really hurt!
You shoot an arrow.
The arrow closely misses the orc priest.
The arrow hits the orc wizard but does no damage.
An endoplasm comes into view.
You shoot an arrow.
The arrow closely misses the orc priest.
The arrow hits the orc wizard.
The orc wizard is moderately wounded.
You shoot an arrow. The arrow barely misses the orc priest.
The arrow barely misses the orc.
The arrow hits the orc wizard.
The orc wizard is moderately wounded.
The orc priest invokes the aid of Beogh against you.
Beogh smites you!
Ouch! That really hurt!
You die...

######## .......#
.......##############
...................>#
.......########.###.#
.......########.##
.......#....%>...##.####
..######........@.ooo...
..#### ................
....... ................
####### .....K..........
.......)........
................
...J.........^..
........##.####


You could see an orc priest, an orc wizard, an orc, an endoplasm and a kobold.

Vanquished Creatures
  A dart slug (D:1)
  A ribbon worm (D:2)
  An orc (D:3)
  An endoplasm (D:1)
  4 giant cockroaches
  4 goblins
  3 hobgoblins
  2 jackals (D:1)
  3 quokkas
  5 ball pythons
  2 bats
  5 frilled lizards
  2 kobolds
  2 rats
36 creatures vanquished.

Notes
Turn   | Place    | Note
-------+----------+-------------------------------------------
     0 | D:1      | qw the Spriggan Hunter began the quest for the Orb.
     0 | D:1      | Reached XP level 1. HP: 10/10 MP: 2/2
     0 | D:1      | 0 ||| qw: Version: 0.3-a-158-g18b3111
     0 | D:1      | 0 ||| qw: Game counter: 4248
     0 | D:1      | 0 ||| qw: Melee chars always use a shield: true
     0 | D:1      | 0 ||| qw: God list: Okawaru
     0 | D:1      | 0 ||| qw: Allow faded altars: false
     0 | D:1      | 0 ||| qw: Do Orc after clearing Dungeon:15 true
     0 | D:1      | 0 ||| qw: Do second Lair branch before Depths: true
     0 | D:1      | 0 ||| qw: Lair rune preference: random
     0 | D:1      | 0 ||| qw: Goals: Normal
     0 | D:1      | 0 ||| PLANNING D:1-11
    54 | D:1      | Reached skill level 3 in Dodging
   134 | D:1      | Reached XP level 2. HP: 14/14 MP: 3/3
   638 | D:1      | 638 ||| UPGRADING to +6 ring of strength.
   639 | D:1      | 639 ||| READING 2 scrolls labelled PIAVAS HAMURU.
   639 | D:1      | 639 ||| IDENTIFYING smoky inky potion
   640 | D:1      | 640 ||| READING scroll of identify.
   640 | D:1      | 640 ||| IDENTIFYING scroll labelled CAMINNURIA
   641 | D:1      | 641 ||| DROPPING scroll of butterflies.
   642 | D:1      | 642 ||| DROPPING scroll of vulnerability.
   858 | D:2      | Reached XP level 3. HP: 18/18 MP: 4/4
  1075 | D:2      | 1075 ||| READING scroll labelled BUS TYSTRYNGOUTIM.
  1075 | D:2      | 1075 ||| ENCHANTING +0 shortbow.
  1076 | D:2      | 1076 ||| READING scroll labelled USEZAA OV ZEERCH.
  1175 | D:3      | Killed from afar by an orc priest

Levels and vault maps discovered:
D:1:      minmay_arrival_stone_box, layout_basic
D:2:      layout_rooms
D:3:      layout_basic

Skill      XL: |  1  2 |
---------------+-------+-----
Dodging        | 3 4 |  4.0
Fighting       | |  1.5
Ranged Weapons | |  4.7
Stealth        | |  1.5

Action                     || total
---------------------------++-------
   Fire: Shortbow          ||   118
    Use: Scroll            ||     4
 Armour: Robe              ||    14
  Dodge: Dodged            ||    44

Table legend:
 A = Non-vault XP
 B = Vault XP
 C = Vault XP percentage of total XP
 D = Non-vault monster count
 E = Vault monster count
 F = Vault count percentage of total count
                 A         B        C        D         E       F
            +---------+---------+-------+---------+---------+-------
      Total |      62 |       0 |   0.0 |      36 |       0 |   0.0
            +---------+---------+-------+---------+---------+-------
        D:1 |      32 |       0 |   0.0 |      19 |       0 |   0.0
        D:2 |      13 |       0 |   0.0 |       7 |       0 |   0.0
        D:3 |      17 |       0 |   0.0 |      10 |       0 |   0.0
            +---------+---------+-------+---------+---------+-------
